 Dungeon Crawl Stone Soup version 0.22.1-2-g9c5b331383 (webtiles) character file.

3450 Marnok the Carver (level 9, 0/75 HPs)
             Began as a Demigod Gladiator on Dec 30, 2018.
             Killed from afar by Erica (12 damage)
             ... with a wand of acid (5)
             ... on level 8 of the Dungeon.
             The game lasted 00:39:47 (9583 turns).

Marnok the Carver (Demigod Gladiator)               Turns: 9583, Time: 00:39:48

Health: 0/75       AC: 10    Str: 17    XL:     9   Next: 49%
Magic:  12/12      EV: 15    Int: 12    God:
Gold:   225        SH:  0    Dex: 25    Spells: 8/8 levels left

rFire    . . .     SeeInvis .   a - +0 long sword
rCold    . . .     Gourm    .   (no shield)
rNeg     + . .     Faith    +   v - +2 leather armour {rN+}
rPois    .         Spirit   .   c - +0 helmet
rElec    .         Reflect  .   (no cloak)
rCorr    .         Harm     .   (no gloves)
MR       .....                  (no boots)
Stlth    +++.......             A - amulet of faith
HPRegen  0.22/turn              C - ring of ice
MPRegen  0.13/turn              D - ring of fire

@: no status effects
A: iridescent scales 1, thin metallic scales 1, agile 1, high mp 1
a: no special abilities


You were on level 8 of the Dungeon.
You were not hungry.

You visited 1 branch of the dungeon, and saw 9 of its levels.

You collected 357 gold pieces.
You spent 132 gold pieces at shops.

Inventory:

Hand Weapons
 a - a +0 long sword (weapon)
 g - a +5 flail of holy wrath
 i - a +2 flail of protection
 j - a +0 long sword
 n - a +0 vampiric dagger
 o - a +0 war axe
 q - a +2 whip of holy wrath
 s - a cursed -3 dagger
 u - a +0 whip of venom
Missiles
 d - 3 throwing nets (quivered)
 e - 5 curare-tipped needles
Armour
 c - a +0 helmet (worn)
 t - a +2 chain mail of cold resistance
 v - a +2 leather armour of positive energy (worn)
Jewellery
 A - an amulet of faith (around neck)
 C - a ring of ice (left hand)
 D - a ring of fire (right hand)
Wands
 m - a wand of flame (16)
 y - a wand of iceblast (6)
Scrolls
 b - a scroll of teleportation
 h - 4 scrolls of remove curse
 r - 2 scrolls of fog
 w - a scroll of vulnerability {unknown}
Potions
 p - a potion of ambrosia
 z - 2 potions of brilliance
Comestibles
 f - 7 rations
 k - a chunk of flesh


   Skills:
 + Level 5.7 Fighting
 + Level 9.5 Long Blades
 + Level 1.7 Throwing
 + Level 5.3 Armour
 + Level 4.4 Dodging
 + Level 2.7 Stealth
 + Level 0.5 Evocations


You had 8 spell levels left.
You didn't know any spells.
Your spell library contained the following spells:

 Spells                   Type           Power        Failure   Level  Hunger
 Animate Skeleton         Necr           N/A          36%         1    ##.....
 Pain                     Necr           #...         36%         1    ##.....
 Regeneration             Chrm/Necr      #.........   75%         3    ####...
 Vampiric Draining        Necr           #.........   75%         3    ####...
 Animate Dead             Necr           N/A          98%         4    #####..


Dungeon Overview and Level Annotations

Branches:
Dungeon (9/15)             Temple (0/1) D:6
   Lair: D:8-11         Orc: D:9-12

Shops:
D:4 :   D:6 *

Annotations:
D:8 Erica


Innate Abilities, Weirdness & Mutations

You have an increased reservoir of magic. (+10% MP)
You are partially covered in iridescent scales. (AC +2)
You are partially covered in thin metallic scales. (AC +2)
You are agile. (Dex +2)


Message History

You barely miss Erica.
Erica is almost dead.
Erica casts a spell at you. The orb of energy hits you!
The orb of energy explodes!
Erica zaps a wand.
The bolt of acid misses you.
You hit Erica.
Erica is almost dead.
Erica zaps a wand.
The bolt of acid hits you!
You are splashed with acid!
The acid burns!
* * * LOW HITPOINT WARNING * * *
You hit Erica.
Erica is almost dead.
Erica hits you with a scimitar of flaming.
* * * LOW HITPOINT WARNING * * *
Erica burns you.
* * * LOW HITPOINT WARNING * * *
You feel better. Erica misses you.
You riposte.
You hit Erica.
Erica is almost dead.
Erica zaps a wand.
The bolt of acid hits you!
You die...

#.# #.# .# #.#
.# #.#
###.##### #.#
#....... #.#
#.....# #.#
#.....###
#.#####.@......
#......@....#
#######.##.##
#... #####


You could see Erica.

Vanquished Creatures
  A hippogriff (D:8)
  A hungry ghost (D:7)
  Edmund (D:6)
  An ice beast (D:7)
  2 orc warriors (D:7)
  4 phantoms
  A necrophage (D:7)
  4 ogres
  2 centaurs
  A crocodile (D:8)
  6 bullfrogs
  A wyvern zombie (D:7)
  5 howler monkeys
  6 crimson imps
  3 hounds
  2 jellies
  2 orc priests (D:7)
  A centaur skeleton (D:5)
  A gnoll shaman (D:7)
  4 iguanas
  3 orc wizards (D:7)
  4 worker ants
  A hound zombie (D:7)
  14 gnolls
  7 adders
  2 shadow imps
  An ooze (D:6)
  An adder zombie (D:7)
  4 worms
  2 dart slugs
  6 leopard geckos
  17 orcs
  A ball python (D:1)
  8 bats
  8 giant cockroaches
  6 goblins
  3 hobgoblins
  3 jackals (D:3)
  4 kobolds
  4 quokkas
  9 frilled lizards
  A jackal skeleton (D:7)
  A leopard gecko zombie (D:6)
  3 rats
162 creatures vanquished.

Vanquished Creatures (others)
  A jackal skeleton (D:5)
  8 plants (D:7)
9 creatures vanquished.

Grand Total: 171 creatures vanquished

Notes
Turn   | Place    | Note
-------+----------+-------------------------------------------
     0 | D:1      | Marnok the Demigod Gladiator began the quest for the Orb.
     0 | D:1      | Reached XP level 1. HP: 17/17 MP: 3/3
   425 | D:1      | Reached skill level 3 in Long Blades
   439 | D:1      | Reached XP level 2. HP: 22/24 MP: 4/4
  1481 | D:2      | Reached XP level 3. HP: 28/29 MP: 5/5
  1719 | D:2      | Reached skill level 1 in Armour
  1719 | D:2      | Reached XP level 4. HP: 8/36 MP: 6/6
  2354 | D:2      | Reached skill level 1 in Stealth
  2601 | D:3      | Found an ornate altar of the Wu Jian Council.
  2661 | D:3      | Reached skill level 4 in Long Blades
  2918 | D:3      | Reached XP level 5. HP: 27/41 MP: 7/7
  3463 | D:4      | Gained mutation: You are agile. (Dex +2) [potion of
                  | mutation]
  3463 | D:4      | Gained mutation: You are partially covered in iridescent
                  | scales. (AC +2) [potion of mutation]
  3463 | D:4      | Gained mutation: You are partially covered in thin metallic
                  | scales. (AC +2) [potion of mutation]
  3513 | D:4      | Noticed a phantom
  3545 | D:4      | Killed a phantom
  3545 | D:4      | Reached XP level 6. HP: 24/50 MP: 8/8
  3785 | D:4      | Reached skill level 5 in Long Blades
  3793 | D:5      | Entered Level 5 of the Dungeon
  3854 | D:4      | Found Mieckah's Book Shoppe.
  3952 | D:4      | Found a snail-covered altar of Cheibriados.
  3953 | D:4      | Found a hide-covered altar of Uskayaw.
  4503 | D:5      | Reached XP level 7. HP: 57/57 MP: 9/9
  5196 | D:5      | Reached skill level 6 in Long Blades
  5911 | D:6      | Noticed Edmund
  5925 | D:6      | Killed Edmund
  5925 | D:6      | Reached skill level 7 in Long Blades
  6064 | D:6      | Found Rinnataq's General Store.
  6078 | D:6      | Reached XP level 8. HP: 63/66 MP: 10/10
  6112 | D:6      | Bought a potion of curing for 36 gold pieces
  6112 | D:6      | Bought a potion of curing for 36 gold pieces
  6112 | D:6      | Bought a potion of heal wounds for 60 gold pieces
  6187 | D:6      | Found a sparkling altar of Nemelex Xobeh.
  6392 | D:6      | Found a staircase to the Ecumenical Temple.
  7365 | D:7      | Reached skill level 8 in Long Blades
  7603 | D:7      | Reached skill level 5 in Fighting
  7603 | D:7      | Reached XP level 9. HP: 68/73 MP: 12/12
  7674 | D:7      | Reached skill level 5 in Armour
  7834 | D:7      | Found a blossoming altar of Fedhas.
  8634 | D:7      | Reached skill level 9 in Long Blades
  9563 | D:8      | Noticed Erica
  9583 | D:8      | Killed from afar by Erica

Skill      XL: |  1  2  3  4  5  6  7  8  9 |
---------------+----------------------------+-----
Dodging        | 3 4 |  4.4
Long Blades    | 3 4 5 7 8 9 |  9.5
Fighting       | 2 3 5 |  5.7
Armour         | 1 2 3 4 5 |  5.3
Stealth        | 1 2 |  2.7
Throwing       | |  1.7
Evocations     | |  0.5

Action                   |  1- 3 |  4- 6 |  7- 9 || total
-------------------------+-------+-------+-------++-------
Melee: Long sword        |    80 |   171 |   515 ||   766
Evoke: Wand              |       |       |     3 ||     3
  Use: Potion            |     5 |     3 |    12 ||    20
       Scroll            |     1 |    11 |     8 ||    20
 Stab: Sleeping          |     1 |     9 |     1 ||    11
       Distracted        |       |       |     2 ||     2
  Eat: Chunk             |     2 |     5 |    13 ||    20
       Ration            |       |     2 |     3 ||     5
Armor: Leather armour    |    26 |    29 |    32 ||    87
       Skin              |    15 |       |       ||    15
       Chain mail        |       |     4 |   246 ||   250
Dodge: Dodged            |    80 |   108 |   304 ||   492
       Rpst.: Long sword |    22 |    33 |    75 ||   130
